 Dungeon Crawl Stone Soup version 0.29.0-4-gdea44cf6ec (webtiles) character file.

Game seed: 11757770371872796764

161 styxcanada the Covert (level 5, -7/26 HPs)
             Began as a Spriggan Brigand on Aug 28, 2022.
             Mangled by a mummy (16 damage)
             ... in an ossuary.
             The game lasted 00:16:36 (4494 turns).

styxcanada the Covert (Spriggan Brigand)            Turns: 4494, Time: 00:16:37

Health: -7/26      AC:  3    Str:  7    XL:     5   Next: 18%
Magic:  6/6        EV: 18    Int: 13    God:
Gold:   181        SH:  0    Dex: 18    Spells: 4/4 levels left

rFire   . . .      SeeInvis +   m - +0 sling
rCold   + . .      Faith    .   (no shield)
rNeg    . . .      Spirit   .   b - +0 robe
rPois   .          Reflect  .   (helmet restricted)
rElec   .          Harm     .   c - +0 cloak
rCorr   +          Rampage  .   (gloves unavailable)
Will    .....                   (boots unavailable)
Stlth   ++++......              (no amulet)
HPRegen 0.08/turn               h - ring of protection from cold
MPRegen 0.10/turn               j - ring of resist corrosion

@: marked, very quick
A: very small, no large weapons, unfitting armour, see invisible, speed 3
a: no special abilities


You were in an ossuary.
You visited 1 branch of the dungeon, and saw 4 of its levels.
You also visited: Ossuary.

You collected 181 gold pieces.

Inventory:

Hand Weapons
 a - a +2 dagger
 m - a +0 sling (weapon)
 B - a +0 sling
Missiles
 d - 9 poisoned darts
 e - 3 curare-tipped darts
 p - 60 stones
Armour
 b - a +0 robe (worn)
 c - a +0 cloak (worn)
Jewellery
 h - a ring of protection from cold (left hand)
 j - a ring of resist corrosion (right hand)
 x - an amulet of magic regeneration
Wands
 q - a wand of acid (5)
Scrolls
 f - a scroll of immolation
 g - 5 scrolls of identify
 l - a scroll of enchant armour {unknown}
 o - a scroll of teleportation {unknown}
 r - a scroll of enchant weapon {unknown}
 s - a scroll of magic mapping {unknown}
 t - 2 scrolls of fear {unknown}
 y - a scroll of summoning {unknown}
 z - a scroll of poison {unknown}
 C - 2 scrolls of amnesia {unknown}
Potions
 i - 2 potions of brilliance
 n - a potion of invisibility {unknown}
 u - 2 potions of heal wounds {unknown}
 v - 3 potions of ambrosia {unknown}
 w - 2 potions of magic {unknown}
 A - a potion of cancellation {unknown}


   Skills:
 * Level 2.0 Fighting
 + Level 3.0 Short Blades
 + Level 2.1 Throwing
 * Level 2.8 Dodging
 * Level 8.4 Stealth


You had 4 spell levels left.
You didn't know any spells.
Your spell library contained the following spells:

 Spells                   Type           Power      Damage    Failure   Level
 Magic Dart               Conj           0%         1d3       30%         1
 Call Imp                 Summ           0%         N/A       43%         2
 Conjure Flame            Conj/Fire      0%         6-21      67%         3
 Ignite Poison            Fire/Tmut/Pois 0%         N/A       67%         3
 Mephitic Cloud           Conj/Pois/Air  0%         N/A       67%         3
 Sticky Flame             Conj/Fire      0%         2d3       97%         4
 Summon Lightning Spire   Summ/Air       0%         N/A       97%         4
 Storm Form               Tmut/Air       0%         N/A       100%        7
 Maxwell's Capacitive Co  Air            0%         ∞         100%        8


Dungeon Overview and Level Annotations

Branches:
Dungeon (4/15)            Ossuary (1/1)
 Temple: D:4-7

Altars:


Innate Abilities, Weirdness & Mutations

You are very small and have problems with some larger weapons.
You are too small for most types of armour.
You have supernaturally acute eyesight. (SInv)
You cover ground extremely quickly. (Speed+++)


Message History

You shoot a sling bullet.
The sling bullet hits the centaur zombie.
The centaur zombie is lightly damaged.
The centaur zombie completely misses you.
The centaur zombie misses you.
Fire: m) +0 sling
Press: ? - help, Q - select action, (/) - cycle Shift-Dir - straight line, f/p - adder zombie
Aim: an adder zombie (heavily damaged, 59% to hit)
You shoot a sling bullet.
The sling bullet hits the centaur zombie!
The centaur zombie is moderately damaged.
The centaur zombie closely misses you.
The centaur zombie completely misses you.
The adder zombie closely misses you. The centaur zombie hits you.
The centaur zombie misses you. The adder zombie completely misses you.
Fire: m) +0 sling
Press: ? - help, Q - select action, (/) - cycle Shift-Dir - straight line, f/p - adder zombie
Aim: an adder zombie (heavily damaged, 59% to hit)
You shoot a sling bullet.
The sling bullet closely misses the adder zombie.
The sling bullet hits the centaur zombie.
The centaur zombie is heavily damaged.
The adder zombie misses you.
Fire: m) +0 sling
Press: ? - help, Q - select action, (/) - cycle Shift-Dir - straight line, f/p - adder zombie
Aim: an adder zombie (heavily damaged, 59% to hit)
You shoot a sling bullet.
The sling bullet closely misses the adder zombie.
The sling bullet hits the centaur zombie.
The centaur zombie is heavily damaged.
Fire: m) +0 sling
Press: ? - help, Q - select action, (/) - cycle Shift-Dir - straight line, f/p - adder zombie
Aim: an adder zombie (heavily damaged, 59% to hit)
You shoot a sling bullet. The sling bullet hits the adder zombie.
The adder zombie is severely damaged.
The adder zombie closely misses you. The adder zombie bites you. x2
The mummy hits you!
Ouch! That really hurt!
You die...

#...# ....## #.
#...# .... #. #...#
#..# #. #..M# #..#
#. #...# #^.# #.
#...######^.######.
#..................
#...Z....8..8......
#.@MZ..............
#...ZZ.Z.Z.........
###################


You could see 2 mummies, 2 adder zombies, a kobold zombie, 2 orc zombies and a
centaur zombie.

Vanquished Creatures
  Ijyb (D:4)
  3 adders
  A dart slug (D:1)
  A worm (D:2)
  2 orcs
  6 endoplasms
  2 giant cockroaches
  9 goblins
  4 hobgoblins
  6 jackals (D:3)
  3 quokkas
  8 ball pythons
  6 bats
  6 frilled lizards
  4 hobgoblin zombies (Ossuary)
  8 kobolds
  3 kobold zombies (Ossuary)
  13 orc zombies (Ossuary)
  24 rats
110 creatures vanquished.

Vanquished Creatures (others)
  A bat (D:1)
1 creature vanquished.

Grand Total: 111 creatures vanquished

Notes
Turn   | Place    | Note
-------+----------+-------------------------------------------
     0 | D:1      | styxcanada the Spriggan Brigand began the quest for the
                  | Orb.
     0 | D:1      | Reached XP level 1. HP: 10/10 MP: 2/2
   152 | D:1      | Reached skill level 6 in Stealth
   209 | D:1      | Reached XP level 2. HP: 14/15 MP: 3/3
   890 | D:1      | Reached XP level 3. HP: 18/18 MP: 4/4
  1138 | D:1      | Reached skill level 7 in Stealth
  1164 | D:1      | Found a faded altar of an unknown god.
  2885 | D:3      | Reached XP level 4. HP: 23/23 MP: 5/5
  3685 | D:4      | Noticed an ogre
  3705 | D:4      | Noticed Ijyb
  3710 | D:4      | Killed Ijyb
  3711 | D:4      | Reached skill level 8 in Stealth
  3906 | D:4      | Reached XP level 5. HP: 19/26 MP: 6/6
  3945 | D:4      | Found a sand-covered staircase.
  3965 | Ossuary  | Entered an ossuary
  4494 | Ossuary  | Mangled by a mummy

Illustrated notes

Levels and vault maps discovered:
D:1:      dpeg_arrival_short_road, layout_loops_ring,
          shapermc_ecumenical_altar_acropolis
D:2:      layout_loops_ring, chequers_serial_rivers_small_3
D:3:      layout_basic, minmay_rat_hole
D:4:      layout_cave_pools, nicolae_ossuary_entry_plus, dk_noncrumbling_3,
          minmay_misc_feat_four_crosses, uniq_ijyb
Ossuary:  ossuary_tomb_1

Skill      XL: |  1  2  3  4  5 |
---------------+----------------+-----
Stealth        | 6 7 8 |  8.4
Dodging        | 2 |  2.8
Fighting       | 2 |  2.0
Short Blades   | 3 |  3.0
Throwing       | |  2.1

Action                   |  1- 3 |  4- 6 || total
-------------------------+-------+-------++-------
Melee: Dagger            |   108 |   189 ||   297
       Punch             |       |     1 ||     1
 Fire: Sling             |       |    22 ||    22
Throw: Dart              |     1 |     2 ||     3
  Use: Scroll            |       |     3 ||     3
 Stab: Sleeping          |    23 |    13 ||    36
       Distracted        |       |     1 ||     1
Armor: Robe              |    11 |    41 ||    52
Dodge: Dodged            |    57 |   170 ||   227
